 Dungeon Crawl Stone Soup version 0.30.0-29-ga12c61a403 (webtiles) character file.

Game seed: 4926439859819964300

2484 cheesebisquit the Purveyor of Pain (level 9, 0/75 HPs)
             Began as a Ghoul Necromancer on June 7, 2023.
             Was an Initiate of Kikubaaqudgha.
             Slain by a yak (5 damage)
             ... on level 8 of the Dungeon.
             The game lasted 00:38:48 (11561 turns).

cheesebisquit the Purveyor of Pain (GhNe)          Turns: 11561, Time: 00:38:49

Health: 0/75       AC: 14    Str: 12    XL:     9   Next: 52%
Magic:  10/10      EV:  3    Int: 14    God:    Kikubaaqudgha [......]
Gold:   360        SH:  5    Dex: 12    Spells: 3/11 levels left

rFire   . . .        r - +4 mace "Kitok" {flame, rElec rN+ Dex+3}
rCold   + . .        (no shield)
rNeg    + + +        z - +0 plate armour
rPois   ∞            x - +0 helmet
rElec   +            (no cloak)
rCorr   .            D - +0 pair of gloves
SInv    +            (no boots)
Will    .....        i - amulet of reflection Stlth
                     o - ring of see invisible
HPRegen 0.00/turn    (no ring)
MPRegen 0.12/turn

%: reflection
@: about to teleport, inhibited regen
A: claws 1, cold resistance 1, negative energy resistance 3, inhibited
regeneration, torment resistance 2, devour on kill
a: Renounce Religion


You were on level 8 of the Dungeon.
You worshipped Kikubaaqudgha.
Kikubaaqudgha was noncommittal.
You visited 2 branches of the dungeon, and saw 9 of its levels.

You collected 430 gold pieces.
You spent 70 gold pieces at shops.

Inventory:

Hand Weapons
 b - a +2 heavy hand axe
 f - a +3 dagger of speed
 r - the +4 mace "Kitok" (weapon) {flame, rElec rN+ Dex+3}
   (You found it on level 3 of the Dungeon)

   Dex:       It affects your dexterity (+3).
   rElec:     It insulates you from electricity.
   rN:        It protects you from negative energy.
 s - a +0 dagger of draining
 w - a +0 dire flail
 C - a +1 dagger of venom
Missiles
 m - 14 poisoned darts
 q - a curare-tipped dart
 t - 2 boomerangs
Armour
 a - a +0 robe
 k - a +1 ring mail
 x - a +0 helmet (worn)
 y - a +0 chain mail
 z - a +0 plate armour (worn)
 D - a +0 pair of gloves (worn)
Jewellery
 i - an amulet of reflection (around neck)
 o - a ring of see invisible (left hand)
 I - an amulet of magic regeneration
Wands
 B - a wand of flame (8)
 F - a wand of charming (5)
 M - a wand of iceblast (6)
Scrolls
 d - 6 scrolls of teleportation
 e - a scroll of immolation
 n - 4 scrolls of magic mapping
 p - a scroll of vulnerability {unknown}
 v - a scroll of fear {unknown}
 A - a scroll of fog
 G - a scroll of amnesia {unknown}
Potions
 c - 2 potions of curing
 g - a potion of flight
 h - a potion of experience {unknown}
 j - 2 potions of cancellation
 l - a potion of berserk rage
 u - 5 potions of brilliance
 E - 2 potions of heal wounds {unknown}
 H - 3 potions of mutation {unknown}
 J - a potion of magic
 K - a potion of haste
 L - 2 potions of lignification {unknown}


   Skills:
 + Level 6.3 Fighting
 - Level 1.9(4.5) Axes
 * Level 6.5(6.6) Maces & Flails
 + Level 4.1 Armour
 - Level 1.7 Dodging
 - Level 2.1 Stealth
 - Level 1.7 Spellcasting
 + Level 7.6 Necromancy


You had 3 spell levels left.
You knew the following spells:

 Your Spells              Type           Power      Damage    Failure   Level
a - Necrotise             Necr           88%        1d8       87%         1
b - Vampiric Draining     Necr           22%        2d7       99%         3
c - Animate Dead          Necr           22%        N/A       100%        4

Your spell library contained the following spells:

 Spells                   Type           Power      Damage    Failure   Level
 Summon Guardian Golem    Hex/Summ       1%         N/A       100%        3
 Agony                    Necr           22%        N/A       100%        5
 Irradiate                Conj/Tmut      0%         3d11      100%        5
 Orb of Destruction       Conj           0%         9d5       100%        7
 Spellforged Servitor     Conj/Summ      0%         N/A       100%        7
 Blade Hands              Tmut           Unusable   N/A       N/A         5
 Dragon Form              Tmut           Unusable   N/A       N/A         7

Dungeon Overview and Level Annotations

Branches:
Dungeon (8/15)             Temple (1/1) D:6
   Lair: D:8-11

Altars:
Ashenzari
Cheibriados
Dithmenos
Gozag
Hepliaklqana
Kikubaaqudgha
Makhleb
Okawaru
Ru
Sif Muna
Trog
Uskayaw
Vehumet
Wu Jian
Xom
Yredelemnul
Jiyva

Shops:
D:2 ?   D:3 *

Annotations:
D:4 2 transporters
D:8 3 runed translucent doors, notthatgreg's ghost, novice OpCA


Innate Abilities, Weirdness & Mutations

You are immune to poison.
You have sharp fingernails.
Your flesh is cold resistant. (rC+)
You are immune to negative energy. (rN+++)
You do not regenerate when monsters are visible.
You are immune to unholy pain and torment.
You thrive by killing the living.


Message History

The yak gores you.
You barely miss the yak.
The yak is almost dead.
You block the yak's attack. The yak gores you but does no damage.
You block the yak's attack.
You thump the yak! You burn the yak.
You kill the yak!
Kikubaaqudgha accepts your kill.
You feel better. You block the yak's attack. The yak attacks as you move away!
You block the yak's attack. The yak attacks as you move away!
The yak gores you.
You thump the yak! You burn the yak.
The yak is moderately wounded.
You block the yak's attack. The yak barely misses you.
You sock the yak! You burn the yak.
The yak is severely wounded.
The yak gores you but does no damage. x2
You hit the yak. You burn the yak.
The yak is severely wounded.
The yak gores you. The yak gores you! The yak attacks as you move away!
The yak gores you. The yak gores you!
You hit the yak. You burn the yak.
The yak is lightly wounded.
The yak barely misses you.
You closely miss the yak. You punch the yak.
The yak is severely wounded.
The yak gores you. The yak gores you! You block the yak's attack.
The yak attacks as you move away! The yak gores you.
The yak attacks as you move away! The yak gores you.
The yak attacks as you move away! The yak gores you but does no damage.
The yak gores you. The yak attacks as you move away!
The yak gores you but does no damage. The yak attacks as you move away!
The yak gores you!
* * * LOW HITPOINT WARNING * * *
The yak attacks as you move away! The yak gores you!
* * * LOW HITPOINT WARNING * * *
As you read the scroll of teleportation, it crumbles to dust.
You feel strangely unstable. The yak gores you.
You die...
Kikubaaqudgha rasps: "You have failed me!
Welcome... oblivion!"

#....#####...)))....#
#............).##....#
#............Y## ...#
#............## ...#
##..........## ..#
#...........## ..
#...........Y## .
#...........YY#
##..........Y@#
######.......#
###.....# #.....# ####
##....##...##
#....#J....#
#....+WJ...$ ..
#....+JJ..[_ ...
#....+...... ....


You could see 4 yaks.

Vanquished Creatures
  A yak (D:8)
  Menkaure (D:5)
  Edmund (D:4)
  A water moccasin (D:7)
  A sky beast (Temple)
  An ice beast (D:7)
  2 black bears (D:7)
  4 ogres
  A centaur (D:7)
  A phantom (D:7)
  2 kobold brigands
  A bullfrog (D:7)
  2 scorpions
  3 howler monkeys
  4 jellies
  4 hounds
  2 sleepcaps (D:5)
  4 iguanas
  8 gnolls
  7 adders
  3 shadow imps
  4 white imps
  2 ufetubi (D:5)
  A worm (D:2)
  3 dart slugs
  13 orcs
  4 ball pythons
  5 endoplasms
  2 giant cockroaches
  12 hobgoblins
  6 jackals
  5 quokkas
  6 bats
  A frilled lizard (D:1)
  5 goblins
  12 kobolds
  6 rats
141 creatures vanquished.

Vanquished Creatures (collateral kills)
  A hobgoblin (D:2)
  A rat (D:2)
2 creatures vanquished.

Vanquished Creatures (others)
  A kobold (D:8)
1 creature vanquished.

Grand Total: 144 creatures vanquished

Notes
Turn   | Place    | Note
-------+----------+-------------------------------------------
     0 | D:1      | cheesebisquit the Ghoul Necromancer began the quest for the
                  | Orb.
     0 | D:1      | Reached XP level 1. HP: 14/14 MP: 2/2
   269 | D:1      | Reached XP level 2. HP: 18/20 MP: 0/3
   296 | D:1      | HP: 1/20 [jackal (3)]
   582 | D:1      | Found a faded altar of an unknown god.
  1108 | D:1      | Reached XP level 3. HP: 27/27 MP: 0/4
  1307 | D:2      | Found Buphou's Magic Scroll Shop.
  1312 | D:2      | Bought a scroll of identify for 28 gold pieces
  1312 | D:2      | Bought a scroll of identify for 28 gold pieces
  1312 | D:2      | Bought a scroll of noise for 14 gold pieces
  1324 | D:2      | Reached skill level 1 in Fighting
  1444 | D:2      | Reached skill level 1 in Axes
  1508 | D:2      | Reached skill level 5 in Necromancy
  1508 | D:2      | Reached XP level 4. HP: 16/35 MP: 0/5
  1512 | D:2      | Learned a level 3 spell: Vampiric Draining
  2116 | D:3      | Found Zin's Purification Station.
  2691 | D:3      | Reached XP level 5. HP: 19/41 MP: 0/6
  2816 | D:3      | Identified the +4 mace "Kitok" {flame, rElec rN+ Dex+3}
  3457 | D:4      | Found a transporter.
  3469 | D:4      | Found a transporter.
  3492 | D:4      | Reached skill level 1 in Maces & Flails
  3830 | D:4      | Reached XP level 6. HP: 37/51 MP: 0/7
  4035 | D:4      | Noticed Edmund
  4562 | D:5      | Entered Level 5 of the Dungeon
  5079 | D:5      | Learned a level 4 spell: Animate Dead
  5149 | D:4      | Killed Edmund
  5150 | D:4      | Reached skill level 6 in Necromancy
  5150 | D:4      | Reached XP level 7. HP: 26/58 MP: 8/8
  5330 | D:4      | Found a hazy altar of Hepliaklqana.
  5777 | D:5      | Reached skill level 1 in Armour
  5827 | D:5      | Found a shadowy altar of Dithmenos.
  6137 | D:5      | Noticed Menkaure
  6397 | D:6      | Found a staircase to the Ecumenical Temple.
  6408 | Temple   | Entered the Ecumenical Temple
  6437 | Temple   | Became a worshipper of Kikubaaqudgha
  6474 | Temple   | Reached XP level 8. HP: 57/67 MP: 9/9
  6705 | D:5      | Killed Menkaure
  6943 | D:5      | Reached skill level 5 in Fighting
  7532 | D:1      | Found a faded altar of an unknown god.
  7926 | D:2      | Found Buphou's Magic Scroll Shop.
  8216 | D:3      | Found Zin's Purification Station.
  8913 | D:4      | Found a transporter.
  8930 | D:4      | Found a transporter.
  9082 | D:4      | Found a hazy altar of Hepliaklqana.
  9523 | D:5      | Reached skill level 5 in Maces & Flails
  9945 | D:6      | Reached skill level 7 in Necromancy
 10257 | D:6      | Found a staircase to the Ecumenical Temple.
 10493 | D:7      | Found a faded altar of an unknown god.
 10493 | D:7      | Found a burning altar of Makhleb.
 10500 | D:7      | Found a radiant altar of Vehumet.
 10502 | D:7      | Reached XP level 9. HP: 69/74 MP: 10/10
 10520 | D:7      | Found a bloodstained altar of Trog.
 10522 | D:7      | Found a shimmering blue altar of Sif Muna.
 11219 | D:8      | Noticed a two-headed ogre
 11322 | D:8      | Found a runed translucent gate.
 11322 | D:8      | Found a runed translucent gate.
 11323 | D:8      | Found a runed translucent gate.
 11326 | D:8      | Noticed notthatgreg's ghost (novice OpCA)
 11332 | D:8      | Found a viscous altar of Jiyva.
 11561 | D:8      | Slain by a yak

Illustrated notes

Levels and vault maps discovered:
D:1:      minmay_arrival_radiant_lines, layout_basic,
          shapermc_ecumenical_altar_pompeii
D:2:      layout_rooms, serial_shops, shop, minmay_tromino_v2
D:3:      layout_basic, zin_purify
D:4:      gammafunk_steamed_eel, layout_loops_ring,
          mainiacjoe_overflow_alcove_2, uniq_edmund
D:5:      minmay_bubble_buster, layout_rooms, mainiacjoe_overflow_catwalk,
          chequers_arboretum, uniq_menkaure
D:6:      layout_cave_pools, minmay_temple_entry_mini_moons
D:7:      layout_gridville, chequers_temple_overflow_minitemple
D:8:      layout_layer_cave, minitemple, gammafunk_ghost_ooze, uniq_erica
Temple:   nicolae_temple_ecumenical_triangle

Skill      XL: |  1  2  3  4  5  6  7  8  9 |
---------------+----------------------------+-----
Fighting       | 1 2 3 4 5 6 |  6.3
Axes           | 1 |  1.9
Necromancy     | 5 6 7 |  7.6
Maces & Flails | 1 2 3 5 6 |  6.5
Armour         | 2 3 4 |  4.1
Dodging        | |  1.7
Stealth        | |  2.1
Spellcasting   | |  1.7

Action                     |  1- 3 |  4- 6 |  7- 9 || total
---------------------------+-------+-------+-------++-------
  Melee: Unarmed           |     3 |       |       ||     3
         Dagger            |    19 |       |       ||    19
         Hand axe          |    38 |    41 |       ||    79
         Mace              |       |    34 |   218 ||   252
         Punch             |       |     1 |     7 ||     8
  Throw: Dart              |       |       |     8 ||     8
   Cast: Necrotise         |    60 |   100 |       ||   160
    Use: Potion            |     3 |     1 |     3 ||     7
         Scroll            |     4 |     7 |    10 ||    21
 Armour: Robe              |     6 |       |       ||     6
         Ring mail         |    13 |    30 |       ||    43
         Plate armour      |       |     4 |   160 ||   164
         Chain mail        |       |     2 |       ||     2
  Dodge: Dodged            |    61 |    42 |    25 ||   128
  Block: Other             |     7 |    23 |    68 ||    98
         Reflection        |       |       |     1 ||     1
